Map: Ultralove

Players

yazan - Winner!

  • Race: Protoss Protoss
  • League: Gold
  • Spawn Location: 7:00

ManlyManMeat

  • Race: Protoss Protoss
  • Spawn Location: 1:00

VOD

Have the link to the VOD?

Description

Time

  • Played on: May 14, 2025, 10:24 a.m.
  • Length: 14:05
Show
View Real Time Build Order
Export as new Build Order

yazan Protoss - Winner!

Build Orders: Carriers 

Get SALT Encoding   

  12  0:01  Probe  
  13  0:15  Pylon, Probe  
  14  0:23  Probe  
  15  0:37  Forge  
  15  0:47  Pylon  
  15  0:56  Pylon  
  14  1:17  Photon Cannon  
  14  1:25  Pylon  
  13  1:39  Probe  
  13  1:40  Gateway  
  14  1:47  Probe  
  15  1:57  Probe  
  16  2:09  Probe  
  17  2:17  Nexus  
  17  2:21  Probe  
  18  2:59  Pylon  
  18  3:05  Cybernetics Core  
  18  3:09  Assimilator  
  18  3:10  Probe  
  19  3:14  Assimilator  
  19  3:22  Probe  
  20  3:27  Photon Cannon  
  20  3:32  Probe  
  21  3:34  Probe  
  21  3:39  Nexus  
  22  3:44  Probe  
  23  3:48  Pylon  
  23  3:53  Probe  
  23  3:57  Probe  
  23  4:01  Probe  
  24  4:09  Probe  
  26  4:11  Probe  
  27  4:21  Probe  
  27  4:23  Probe  
  29  4:33  Stargate  
  29  4:34  Probe  
  29  4:35  Probe  
  31  4:47  Probe  
  31  4:49  Photon Cannon  
  31  4:52  Photon Cannon  
  32  4:53  Probe  
  32  4:59  Probe  
  34  5:02  Probe  
  34  5:05  Probe  
  36  5:07  Oracle  
  36  5:11  Probe  
  37  5:15  Probe  
  37  5:18  Pylon  
  37  5:20  Pylon  
  41  5:23  Probe  
  41  5:27  Probe  
  43  5:32  Assimilator, Probe  
  43  5:34  Assimilator  
  44  5:35  Probe  
  44  5:39  Probe  
  46  5:44  Probe  
  46  5:46  Stargate  
  46  5:47  Probe  
  48  5:55  Stargate  
  48  5:56  Probe  
  49  6:00  Probe  
  50  6:12  Probe  
  50  6:13  Probe  
  50  6:15  Probe  
  53  6:24  Probe  
  53  6:25  Probe  
  55  6:27  Probe  
  53  6:36  Probe  
  53  6:39  Probe  
  55  6:45  Assimilator  
  55  6:48  Probe  
  55  6:49  Assimilator  
  55  6:51  Probe  
  55  6:52  Fleet Beacon  
  55  6:53  Void Ray x2  
  69  6:58  Void Ray, Pylon  
  69  7:01  Pylon  
  69  7:02  Cybernetics Core  
  69  7:03  Probe  
  70  7:15  Probe  
  71  7:28  Probe  
  72  7:40  Probe  
  72  7:42  Stargate  
  73  7:44  Stargate  
  73  7:46  Protoss Air Weapons Level 1  
  73  7:52  Probe  
  74  7:58  Pylon  
  74  8:00  Pylon  
  74  8:01  Carrier, Protoss Air Armor Level 1  
  74  8:02  Pylon  
  74  8:04  Probe  
  74  8:05  Void Ray x2  
  89  8:42  Carrier  
  89  8:43  Nexus  
  89  8:45  Carrier  
  89  8:46  Tempest  
  105  8:51  Anion Pulse-Crystals  
  105  8:57  Pylon  
  105  9:00  Pylon  
  105  9:20  Assimilator  
  105  9:23  Assimilator  
  105  9:28  Tempest  
  105  9:29  Carrier  
  115  9:46  Protoss Air Armor Level 2  
  115  9:54  Protoss Air Weapons Level 2  
  115  9:55  Flux Vanes  
  115  10:11  Probe  
  116  10:22  Carrier  
  116  10:23  Probe  
  116  10:27  Void Ray  
  127  10:35  Probe  
  127  10:40  Mothership  
  136  11:02  Pylon  
  136  11:05  Pylon  
  136  11:11  Pylon  
  136  11:14  Photon Cannon  
  136  11:16  Photon Cannon  
  136  11:18  Tempest  
  140  11:19  Photon Cannon  
  140  11:20  Carrier  
  140  11:21  Carrier  
  140  11:22  Photon Cannon  
  152  11:28  Photon Cannon  
  152  11:58  Tempest  
  166  12:01  Carrier  
  166  12:03  Void Ray  
  166  12:29  Tempest  
  174  12:32  Unknown  
  174  12:35  Void Ray  
  174  12:41  Carrier  
Show
View Real Time Build Order
Export as new Build Order

ManlyManMeat Protoss 

Build Orders: Archon Immortal 

Get SALT Encoding   

  12  0:00  Probe  
  13  0:12  Probe  
  14  0:20  Pylon  
  14  0:23  Probe  
  15  0:34  Probe  
  16  0:46  Gateway  
  16  0:48  Probe  
  17  0:52  Assimilator  
  17  1:00  Probe  
  18  1:08  Probe  
  19  1:19  Probe  
  20  1:35  Zealot  
  22  1:52  Probe, Nexus  
  23  2:00  Pylon  
  23  2:05  Assimilator  
  23  2:21  Cybernetics Core  
  25  2:44  Forge  
  25  2:59  Stalker  
  25  3:01  Probe  
  26  3:06  Probe  
  26  3:09  Probe  
  27  3:17  Protoss Ground Weapons Level 1  
  27  3:19  Probe  
  28  3:21  Stalker  
  28  3:24  Robotics Facility, Warp Gate  
  29  3:27  Pylon  
  29  3:31  Probe  
  32  3:43  Probe  
  32  3:47  Stalker  
  35  4:01  Pylon  
  35  4:03  Gateway  
  35  4:06  Probe  
  35  4:07  Pylon  
  35  4:09  Probe, Gateway  
  37  4:20  Robotics Bay  
  37  4:21  Probe  
  37  4:22  Twilight Council  
  38  4:25  Probe  
  39  4:31  Observer  
  39  4:34  Probe  
  39  4:35  Stalker  
  43  4:46  Probe  
  43  4:47  Assimilator, Probe  
  43  4:48  Assimilator  
  45  4:58  Probe  
  45  4:59  Immortal  
  50  5:01  Stalker  
  52  5:09  Probe  
  52  5:10  Pylon  
  52  5:13  Probe  
  54  5:19  Charge  
  54  5:25  Probe  
  55  5:31  Protoss Ground Armor Level 1  
  55  5:32  Pylon  
  55  5:34  Pylon  
  55  5:38  Immortal  
  59  5:47  Probe x2  
  61  5:59  Probe  
  61  6:00  Stalker x2  
  66  6:30  Robotics Facility  
  64  6:42  Templar Archives  
  64  6:44  Probe x2  
  66  7:02  Gateway, Nexus  
  66  7:04  Gateway  
  66  7:05  Pylon  
  66  7:06  Gateway  
  66  7:09  Gateway  
  66  7:10  Immortal  
  66  7:11  Probe, Gateway  
  66  7:12  Probe  
  68  7:15  Protoss Shields Level 1  
  72  7:24  Probe  
  72  7:29  Immortal  
  77  7:40  Probe x2  
  79  7:50  High Templar x2  
  83  7:52  Probe  
  83  7:55  Archon  
  83  7:57  High Templar x2  
  88  8:00  Probe  
  88  8:04  Probe  
  90  8:06  Observer  
  90  8:08  Warp Prism  
  90  8:12  Probe  
  94  8:13  Probe  
  94  8:15  Pylon  
  94  8:17  Pylon  
  95  8:21  Probe, Immortal  
  100  8:34  Forge x2  
  100  8:36  Immortal  
  100  8:38  Probe x3  
  103  8:44  Archon  
  107  8:50  Probe  
  108  9:00  Zealot x3  
  108  9:01  Zealot x3  
  120  9:06  Pylon  
  120  9:08  Stalker  
  122  9:10  Stalker  
  124  9:19  Assimilator, Observer  
  124  9:20  Assimilator  
  124  9:24  Immortal  
  124  9:27  Immortal  
  132  9:37  Observer  
  132  9:38  Protoss Ground Armor Level 2  
  132  9:41  Observer  
  132  9:45  Protoss Ground Weapons Level 2, Stargate  
  132  9:46  Stargate, Protoss Shields Level 2  
  132  9:49  Stargate  
  132  9:53  Pylon  
  132  9:55  Shield Battery  
  132  9:56  Shield Battery  
  133  10:28  Probe  
  133  10:33  Probe x2  
  135  10:38  Pylon x2  
  135  10:56  Robotics Facility  
  135  11:13  Warp Prism  
  137  11:22  Stalker  
  137  11:23  Stalker x7  
  153  11:29  Pylon  
  153  11:30  Observer  
  154  11:37  Pylon  
  154  11:38  Pylon  
  154  11:39  Pylon  
  153  12:04  Pylon  
  153  12:06  Pylon x2  
  153  12:17  Fleet Beacon  
  153  12:58  Stargate  
  153  13:01  Stargate  
  153  13:05  Stargate  
  92  13:47  High Templar x3  
  90  13:51  Archon  
Tags
 
League
Gold
Matchup
PvP
Spawn Locations
Cross Positions
Add a new tag
Caveats
  • Supply blocks, unpowered buildings, or Contaminate may cause inaccurate times.
  • Supply counts are checked every 10 seconds.